 Dungeon Crawl Stone Soup version 0.17-a0-1638-g2ccaed7 (console) character file.

859 Monkaria the Magician (level 7, -1/36 HPs)
             Began as a Deep Elf Conjurer on Aug 8, 2015.
             Slain by a wyvern (14 damage)
             ... on level 5 of the Dungeon.
             The game lasted 00:09:19 (5276 turns).

Monkaria the Magician (Deep Elf Conjurer)           Turns: 5276, Time: 00:09:19

Health: -1/36      AC:  3    Str: 12    XL:     7   Next: 71%
Magic:  12/19      EV: 16    Int: 22    God:
Gold:   177        SH:  0    Dex: 15    Spells: 3 memorised, 13 levels left

rFire  . . .     SeeInvis .     (no weapon)
rCold  x . .     Clarity  .     a - +0 robe
rNeg   . . .     SustAt   .     (no shield)
rPois  .         Gourm    .     (no helmet)
rElec  .         Spirit   .     (no cloak)
rCorr  .         Warding  .     e - +0 pair of gloves of Analysis {rC- Str+7 Stlth+}
rMut   .         Stasis   .     (no boots)
MR     +....                    (no amulet)
Stlth  +++.......               (no ring)
                                q - ring of protection from magic

@: very slightly contaminated, somewhat resistant to hostile enchantments,
fairly stealthy
A: no striking features
a: no special abilities


You were on level 5 of the Dungeon.
You were not hungry.

You visited 1 branch of the dungeon, and saw 5 of its levels.

You collected 177 gold pieces.

Inventory:

Missiles
 k - 23 poisoned needles
Armour
 a - a +0 robe (worn)
 e - the +0 pair of gloves of Analysis (worn) {rC- Str+7 Stlth+}
   (You found it on level 4 of the Dungeon)

   It affects your strength (+7).
   It makes you vulnerable to cold.
   It makes you more stealthy.
Jewellery
 q - a ring of protection from magic (left hand)
Scrolls
 l - 4 scrolls of remove curse
 m - a scroll of fear {unknown}
 o - 7 scrolls of identify {unknown}
 p - 3 scrolls of magic mapping {unknown}
 t - a scroll of fog {unknown}
 u - a scroll of enchant weapon
 v - a scroll of teleportation {unknown}
 w - a scroll of noise {unknown}
Potions
 d - a potion of magic {unknown}
 f - a potion of mutation {unknown}
 g - a potion of might {unknown}
 h - 2 potions of brilliance {unknown}
 i - a potion of cure mutation {unknown}
 j - 4 potions of curing {unknown}
 n - 3 potions of lignification {unknown}
 s - a potion of beneficial mutation {unknown}
Books
 b - a book of Conjurations

   Spells                             Type                      Level
   a - Magic Dart                     Conjuration                  1
   b - Searing Ray                    Conjuration                  2
   c - Dazzling Spray                 Conjuration/Hexes            3
   d - Fulminant Prism                Conjuration/Hexes            4
   e - Iskenderun's Mystic Blast      Conjuration                  4
   f - Iskenderun's Battlesphere      Conjuration/Charms           5
Comestibles
 c - 5 bread rations
 r - 3 fruits
 x - 2 meat rations
 z - a royal jelly
 A - a beef jerky
 B - a chunk of flesh


   Skills:
 + Level 6.4 Dodging
 - Level 2.4 Stealth
 - Level 7.2 Spellcasting
 - Level 7.1 Conjurations


You had 13 spell levels left.
You knew the following spells:

 Your Spells              Type           Power        Failure   Level  Hunger
a - Magic Dart            Conj           ####         1%          1    None
b - Searing Ray           Conj           #####.       1%          2    None
c - Iskenderun's Mystic   Conj           #####...     6%          4    ###....


Dungeon Overview and Level Annotations

Branches:
Dungeon (5/15)
 Temple: D:4-7

Altars:
Ashenzari
Fedhas
Nemelex Xobeh
Sif Muna


Message History

The searing ray hits the wyvern.
The wyvern is moderately wounded.
The wyvern bites you!
The searing ray hits the wyvern.
The wyvern is heavily wounded.
The wyvern barely misses you.
The searing ray hits the wyvern.
The wyvern is severely wounded.
The wyvern completely misses you. The wyvern bites you!
Casting: Searing Ray
Confirm with . or Enter, or press ? or * to list all spells.
Aiming: Searing Ray
Press: ? - help, Shift-Dir - straight line, f/p - wyvern
Aim: a wyvern (severely wounded)
You miscast Searing Ray.
You are very lightly contaminated with residual magic.
Nothing appears to happen.
The wyvern closely misses you. The wyvern barely misses you.
The wyvern closely misses you. The wyvern bites you!
You die...

#......
#......
#......
#.....# #
..>..# .#
#..(###..#
#.......#
#.l.....#
#.@.#####
#...#
#...#
#...#
#.#...#
####### #.
#.#.###
#...'^#
#.. #.#.#
#...### ..
#.#.#
#...'[#
#.# #.#.#
####'####


You could see a wyvern.

Vanquished Creatures
  The ghost of Monkaria the Conjurer, an average DECj (D:3)
  A necrophage (D:5)
  2 ogres (D:4)
  A centaur (D:3)
  2 orc priests (D:4)
  Ijyb (D:4)
  An orc wizard (D:4)
  3 hounds
  6 gnolls
  4 adders
  4 oozes
  A worm (D:4)
  6 giant geckos
  6 orcs
  A ball python (D:1)
  5 giant cockroaches
  13 goblins
  11 hobgoblins
  14 jackals
  5 kobolds
  A quokka (D:4)
  5 bats
  5 giant newts
  2 jackal skeletons
  A jackal zombie (D:5)
  8 rats
110 creatures vanquished.

Notes
Turn   | Place    | Note
--------------------------------------------------------------
     0 | D:1      | Monkaria the Deep Elf Conjurer began the quest for the Orb.
     0 | D:1      | Reached XP level 1. HP: 10/10 MP: 6/6
    73 | D:1      | Reached XP level 2. HP: 15/15 MP: 1/8
   109 | D:1      | Reached skill level 5 in Conjurations
   450 | D:1      | Reached XP level 3. HP: 10/19 MP: 5/9
   840 | D:2      | Reached skill level 6 in Conjurations
   906 | D:2      | Learned a level 2 spell: Searing Ray
  1210 | D:2      | Found a shattered altar of Ashenzari.
  1319 | D:2      | Reached XP level 4. HP: 24/24 MP: 1/10
  1625 | D:2      | You fall through a shaft!
  2007 | D:3      | Found a sparkling altar of Nemelex Xobeh.
  2118 | D:3      | Noticed a centaur
  2125 | D:3      | Killed a centaur
  2125 | D:3      | Reached skill level 7 in Conjurations
  2125 | D:3      | Reached XP level 5. HP: 9/28 MP: 6/11
  2283 | D:3      | Noticed Monkaria's ghost (average DECj)
  2649 | D:3      | Learned a level 4 spell: Iskenderun's Mystic Blast
  2851 | D:3      | Killed Monkaria's ghost
  2851 | D:3      | Reached skill level 5 in Spellcasting
  2851 | D:3      | Reached XP level 6. HP: 10/32 MP: 9/16
  3249 | D:3      | Found a blossoming altar of Fedhas.
  3250 | D:3      | Found a deep blue altar of Sif Muna.
  3614 | D:4      | Noticed an ogre
  3627 | D:4      | Killed an ogre
  3997 | D:4      | Noticed an ogre
  4002 | D:4      | Killed an ogre
  4027 | D:4      | Noticed Ijyb
  4046 | D:4      | Killed Ijyb
  4113 | D:4      | Got a pair of shimmering gloves
  4125 | D:4      | Identified the +0 pair of gloves of Analysis {rC- Str+7 Stlth+} (You found it on level 4 of the Dungeon)
  4312 | D:4      | Reached XP level 7. HP: 36/36 MP: 14/19
  4745 | D:4      | Reached skill level 5 in Dodging
  4961 | D:5      | Entered Level 5 of the Dungeon
  5266 | D:5      | Noticed a wyvern
  5276 | D:5      | Slain by a wyvern

Vault maps used:
D:1:      dpeg_arrival_round_c
D:2:      nicolae_overflow_crystal_walls, serial_bayou, serial_bayou_shore_a,
          serial_bayou_pond_c, serial_bayou_ford_a, serial_bayou_shore_b,
          first_bread
D:3:      minmay_door_path, gammafunk_temple_overflow_pools,
          nemelex_xobeh_ov_fountains_minmay
D:4:      kennysheep_goblin_castle
D:5:      serial_shops, kennysheep_mini_moat, shop, hangedman_decor_push,
          cheibrodos_gnoll_hut

Action                   |  1- 3 |  4- 6 |  7- 9 || total
-------------------------+-------+-------+-------++-------
Melee: Unarmed           |     3 |    32 |       ||    35
 Cast: Magic Dart        |    74 |    79 |    23 ||   176
       Searing Ray       |       |    12 |    12 ||    24
  Use: Scroll            |       |     3 |       ||     3
  Eat: Chunk             |       |     9 |     3 ||    12
       Pizza             |       |     1 |       ||     1
